 Dungeon Crawl Stone Soup version 0.31-a0-771-g505c3d19dc (webtiles) character file.

Game seed: 2943257072080247634

2774 Darius099 the Severer (level 9, -1/70 HPs)
             Began as a Minotaur Fighter on Sept 17, 2023.
             Shot with an arrow by a centaur (8 damage)
             ... on level 8 of the Dungeon.
             The game lasted 00:18:00 (6006 turns).

Darius099 the Severer (Minotaur Fighter)            Turns: 6006, Time: 00:18:01

Health: -1/70      AC: 12    Str: 22    XL:     9   Next: 42%
Magic:  8/8        EV:  8    Int:  5    God:
Gold:   450        SH:  5    Dex: 13    Spells: 8/8 levels left

rFire   + . .        a - +0 war axe
rCold   . . .        c - +0 buckler
rNeg    + . .        t - +0 chain mail
rPois   .            (helmet restricted)
rElec   .            y - +0 cloak
rCorr   .            o - +0 pair of gloves
SInv    .            p - +0 pair of boots
Will    .....        (no amulet) Stlth
                     n - ring of protection from fire
HPRegen 0.31/turn    E - ring of positive energy
MPRegen 0.11/turn

%: no passive effects
@: no status effects
A: horns 2, retaliatory headbutt
a: no special abilities


You were on level 8 of the Dungeon.
You visited 2 branches of the dungeon, and saw 9 of its levels.

You collected 450 gold pieces.

Inventory:

Hand Weapons
 a - a +0 war axe (weapon)
 G - a +0 battleaxe of flaming
Missiles
 F - 2 throwing nets
Armour
 c - a +0 buckler (worn)
 o - a +0 pair of gloves (worn)
 p - a +0 pair of boots (worn)
 t - a +0 chain mail (worn)
 y - a +0 cloak (worn)
 H - a +0 plate armour
Jewellery
 n - a ring of protection from fire (left hand)
 E - a ring of positive energy (right hand)
Talismans
 q - a storm talisman
 J - a maw talisman
Wands
 b - a wand of flame (37)
 A - a wand of paralysis (21)
 K - a wand of iceblast (12)
 L - a wand of mindburst (22)
Scrolls
 f - 3 scrolls of teleportation {unknown}
 g - 2 scrolls of vulnerability {unknown}
 h - 3 scrolls of poison {unknown}
 i - 3 scrolls of amnesia {unknown}
 j - 3 scrolls of identify {unknown}
 l - a scroll of enchant weapon {unknown}
 s - a scroll of fear {unknown}
 u - 2 scrolls of blinking {unknown}
 v - a scroll of revelation {unknown}
 C - a scroll of brand weapon {unknown}
Potions
 d - a potion of might
 e - a potion of curing {unknown}
 k - 4 potions of lignification {unknown}
 m - 2 potions of brilliance {unknown}
 r - 2 potions of resistance {unknown}
 w - a potion of berserk rage {unknown}
 x - 2 potions of ambrosia {unknown}
 z - 2 potions of haste {unknown}
 B - a potion of invisibility {unknown}
 D - a potion of heal wounds {unknown}
 I - a potion of enlightenment {unknown}


   Skills:
 - Level 3.6 Fighting
 + Level 15.3 Axes
 - Level 3.6 Armour
 - Level 3.6 Shields


You had 8 spell levels left.
You didn't know any spells.
Your spell library contained the following spells:

 Spells                   Type           Power      Damage    Failure   Level
 Freeze                   Ice            0%         1d3       99%         1
 Magic Dart               Conj           0%         1d3       99%         1
 Cigotuvi's Dreadful Rot  Necr/Pois/Air  0%         N/A       99%         2
 Searing Ray              Conj           0%         2d4       99%         2
 Sublimation of Blood     Necr           0%         N/A       99%         2
 Frozen Ramparts          Ice            0%         1d1       100%        3
 Hailstorm                Conj/Ice       0%         3d3       100%        3
 Ignite Poison            Fire/Tmut/Pois 0%         N/A       100%        3
 Fulminant Prism          Conj/Hex       0%         3d5       100%        4
 Petrify                  Tmut/Erth      0%         N/A       100%        4
 Freezing Cloud           Conj/Ice/Air   0%         6-21      100%        5
 Irradiate                Conj/Tmut      0%         3d11      100%        5
 Haunt                    Necr/Summ      0%         N/A       100%        7
 Borgnjor's Revivificati  Necr           0%         N/A       100%        8
 Death's Door             Necr           0%         N/A       100%        9


Dungeon Overview and Level Annotations

Branches:
Dungeon (8/15)             Temple (1/1) D:5
   Lair: D:8-11

Altars:
Ashenzari
Cheibriados
Dithmenos
Elyvilon
Gozag
Hepliaklqana
Qazlal
Sif Muna
Trog
Uskayaw
Vehumet
Wu Jian
Xom
Yredelemnul
Zin

Shops:
D:1 *


Innate Abilities, Weirdness & Mutations

You have a pair of horns on your head.
You reflexively headbutt those who attack you in melee.


Message History

A gnoll comes into view. It is wielding a +0 whip.
The orc hits you with a +0 hand axe.
The gnoll hits you from afar with a +0 halberd!
You are too injured to fight recklessly!
Unknown command.
You are too injured to fight recklessly!
The orc hits you with a +0 hand axe.
The centaur shoots an arrow.
The arrow hits you!
* * * LOW HITPOINT WARNING * * *
The centaur shoots an arrow.
You block the arrow. The orc attacks as it pursues you!
The orc hits you with a +0 hand axe.
* * * LOW HITPOINT WARNING * * *
Sorry, you're not good enough to have a special ability.
Unknown command.
You hit the orc.
You kill the orc!
The gnoll hits you from afar with a +0 halberd.
* * * LOW HITPOINT WARNING * * *
The centaur shoots an arrow.
The arrow hits you but does no damage.
A gnoll comes into view. It is wielding a +0 whip.
The gnoll shouts!
The centaur shoots an arrow.
The arrow hits you but does no damage.
The gnoll sergeant hits you but does no damage.
You see here a +0 hand axe.
The centaur shoots an arrow.
The arrow hits you but does no damage. You block the gnoll sergeant's attack.
The gnoll barely misses you.
The centaur shoots an arrow.
The arrow barely misses you.
You slash the gnoll!
You kill the gnoll!
You hit the gnoll sergeant but do no damage.
The centaur shoots an arrow.
The arrow hits you.
* * * LOW HITPOINT WARNING * * *
The gnoll sergeant hits you but does no damage.
The centaur shoots an arrow.
The arrow hits you.
* * * LOW HITPOINT WARNING * * *
You block the gnoll sergeant's attack.
You see here a +0 hand axe.
The centaur shoots an arrow.
The arrow hits you but does no damage.
The centaur shoots an arrow.
The arrow hits you!
You die...

########## #...#....#
#...#....# #...#....#
#........# #........#######
#.....).........
#...#.)..)......
#...#@#..)g.....
############...#.#..###....
...................... ##g
####...................
####.....)...###..c..###
......................
####.......#########... #
#......## .## . #......#


You could see a centaur.

Vanquished Creatures
  Grinder (D:6)
  Sigmund (D:5)
  A wyvern (D:7)
  2 steam dragons
  2 water moccasins
  2 ice beasts (D:5)
  An orc warrior (D:7)
  A sky beast (D:6)
  An ogre (D:6)
  A centaur (D:5)
  A kobold brigand (D:8)
  3 bullfrogs
  2 scorpions
  A howler monkey (D:5)
  3 hounds
  A jelly (D:7)
  4 gnoll boudas
  3 orc priests
  2 sleepcaps
  Jessica (D:2)
  5 iguanas
  2 orc wizards
  21 gnolls
  3 adders
  2 ufetubi
  5 dart slugs
  14 orcs
  8 ball pythons
  9 bats
  2 endoplasms (D:2)
  5 giant cockroaches
  8 goblins
  2 hobgoblins (D:2)
  6 jackals
  5 quokkas
  2 frilled lizards (D:2)
  3 kobolds
  6 rats
142 creatures vanquished.

Vanquished Creatures (others)
  A gnoll (D:8)
  2 kobolds (D:8)
3 creatures vanquished.

Grand Total: 145 creatures vanquished

Notes
Turn   | Place    | Note
-------+----------+-------------------------------------------
     0 | D:1      | Darius099 the Minotaur Fighter began the quest for the Orb.
     0 | D:1      | Reached XP level 1. HP: 19/19 MP: 0/0
   114 | D:1      | Reached skill level 3 in Axes
   114 | D:1      | Found Wefo's Assorted Antiques.
   119 | D:1      | Reached XP level 2. HP: 26/26 MP: 1/1
   247 | D:1      | Reached skill level 4 in Axes
   642 | D:1      | Reached XP level 3. HP: 31/31 MP: 2/2
   704 | D:2      | Noticed Jessica
   712 | D:2      | Killed Jessica
   713 | D:2      | Reached skill level 5 in Axes
   883 | D:2      | Reached XP level 4. HP: 39/39 MP: 3/3
  1096 | D:2      | Found a faded altar of an unknown god.
  1585 | D:3      | Reached skill level 6 in Axes
  1591 | D:3      | Reached XP level 5. HP: 31/45 MP: 4/4
  1933 | D:4      | Found a radiant altar of Vehumet.
  2129 | D:4      | Found a shadowy altar of Dithmenos.
  2230 | D:5      | Entered Level 5 of the Dungeon
  2233 | D:5      | Reached skill level 7 in Axes
  2325 | D:5      | Reached XP level 6. HP: 39/51 MP: 5/5
  2365 | D:5      | Noticed an ice beast
  2374 | D:5      | Reached skill level 8 in Axes
  2376 | D:5      | Killed an ice beast
  2498 | D:5      | Noticed Sigmund
  2517 | D:5      | Killed Sigmund
  2518 | D:5      | Reached skill level 9 in Axes
  2518 | D:5      | Reached XP level 7. HP: 46/57 MP: 6/6
  2611 | D:5      | Reached skill level 10 in Axes
  2756 | D:5      | Found a staircase to the Ecumenical Temple.
  2763 | Temple   | Entered the Ecumenical Temple
  3080 | D:5      | Found a glowing silver altar of Zin.
  3093 | D:5      | Reached skill level 11 in Axes
  3427 | D:5      | Found a basalt altar of Yredelemnul.
  3561 | D:6      | Noticed Grinder
  3567 | D:6      | Paralysed by Grinder for 5 turns
  3568 | D:6      | Reached XP level 8. HP: 55/64 MP: 7/7
  3577 | D:6      | Killed Grinder
  3578 | D:6      | Reached skill level 12 in Axes
  3885 | D:6      | Reached skill level 13 in Axes
  4835 | D:7      | Reached skill level 14 in Axes
  4835 | D:7      | Reached XP level 9. HP: 21/70 MP: 8/8
  5415 | D:7      | Found a stormy altar of Qazlal.
  5905 | D:8      | Reached skill level 15 in Axes
  5980 | D:8      | Identified the +4 dagger of Ancient Evil {heavy, rF+ rCorr}
  6006 | D:8      | Shot with an arrow by a centaur

Illustrated notes

Levels and vault maps discovered:
D:1:      wheals_arrival_linesprint, layout_loops_ring, serial_shops, shop
D:2:      layout_basic, dreamdust_ecumenical_altar_hidden_monk_grotto,
          uniq_jessica
D:3:      layout_rooms, hex_large, dreamdust_wishing_well
D:4:      layout_rooms, grunt_dithmenos_smoke_and_mirrors, marbit_many_paths
D:5:      layout_cave_pods, lemuel_tele_altar, overflow_temple_1_default,
          minmay_temple_entry_gardened_gates, chequers_ossuary_entry_cave,
          dk_noncrumbling_2, uniq_sigmund
D:6:      layout_basic, uniq_grinder
D:7:      layout_basic, nicolae_qazlal_scattered_showers
D:8:      layout_rooms, tso_oasis_becter
Temple:   nicolae_temple_bog_church

Skill      XL: |  1  2  3  4  5  6  7  8  9 |
---------------+----------------------------+-----
Axes           | 3 4 5 6 7 9 11 14 15 | 15.3
Fighting       | |  3.6
Armour         | |  3.6
Shields        | |  3.6

Action                     |  1- 3 |  4- 6 |  7- 9 || total
---------------------------+-------+-------+-------++-------
  Melee: War axe           |    53 |   125 |   210 ||   388
         Headbutt          |     5 |    20 |    47 ||    72
 Armour: Scale mail        |    30 |    40 |       ||    70
         Chain mail        |       |    59 |   159 ||   218
  Dodge: Dodged            |    23 |    46 |    75 ||   144
  Block: Buckler           |     7 |    32 |    45 ||    84

Table legend: (Time is in decaauts)
 A = Elapsed time spent in this place.
 B = Non-inter-level travel time spent in this place.
 C = Inter-level travel time spent in this place.
 D = Time resting spent in this place.
 E = Time spent auto-exploring this place.
 F = Levels seen in this place.
 G = Mean time per level.
                   A        B        C        D        E       F      G
               +--------+--------+--------+--------+--------+-----+--------+
         Total |   6037 |   5760 |    277 |    657 |   3816 |   9 |  670.8 |
       Dungeon |   5942 |   5665 |    277 |    657 |   3816 |   8 |  742.8 |
        Temple |     95 |     95 |      0 |      0 |      0 |   1 |   95.0 |
               +--------+--------+--------+--------+--------+-----+--------+

Top non-repeatable levels by time:
     D:5: 1394 daAuts
     D:7: 1214 daAuts
     D:6: 953 daAuts
     D:2: 693 daAuts
     D:1: 678 daAuts
     D:3: 514 daAuts
     D:4: 378 daAuts
     D:8: 114 daAuts
  Temple: 95 daAuts
